 Dungeon Crawl Stone Soup version 0.24-a0-375-g4de66ed42b (webtiles) character file.

Game seed: 11251041394481983037

11965 MachJacob the Zephyrmancer (level 11, -4/69 HPs)
             Began as a Tengu Air Elementalist on May 31, 2019.
             Was an Elder of the Shining One.
             Slain by a spiny frog (12 damage)
             ... on level 1 of the Lair of Beasts.
             The game lasted 00:48:08 (15330 turns).

MachJacob the Zephyrmancer (TeAE)                  Turns: 15330, Time: 00:48:08

Health: -4/69      AC:  6    Str:  9    XL:     11   Next: 86%
Magic:  16/18      EV: 21    Int: 19    God:    the Shining One [****..]
Gold:   708        SH:  5    Dex: 14    Spells: 1/18 levels left

rFire    . . .     SeeInvis .   w - staff of air
rCold    . . .     Gourm    .   C - +0 buckler
rNeg     + + .     Faith    .   v - +3 leather armour
rPois    .         Spirit   .   (helmet restricted)
rElec    +         Reflect  .   (no cloak)
rCorr    .         Harm     .   (no gloves)
MR       .....                  (boots unavailable)
Stlth    +.........             (no amulet)
HPRegen  0.21/turn              p - ring of wizardry
MPRegen  0.16/turn              (no ring)

@: lethally poisoned (-4 -> -13), marked, flying quickly and evasively, glowing,
quick
A: beak, talons 3, able to fly
a: Stop Flying, Divine Shield, Cleansing Flame, Renounce Religion


You were on level 1 of the Lair of Beasts.
You worshipped the Shining One.
The Shining One was greatly pleased with you.
You were not hungry.

You visited 3 branches of the dungeon, and saw 13 of its levels.

You collected 708 gold pieces.

Inventory:

Hand Weapons
 a - a +1 dagger
 K - a +4 scimitar of flaming
Armour
 v - a +3 leather armour (worn)
 C - a +0 buckler (worn)
 J - a +3 ring mail of fire resistance
Magical Staves
 w - an uncursed staff of air (weapon)
Jewellery
 p - a ring of wizardry (left hand)
 N - an uncursed ring of poison resistance
Wands
 m - a wand of polymorph (23)
 q - a wand of acid (7)
 s - a wand of paralysis (7)
 I - a wand of digging (5)
 L - a wand of flame (26)
 M - a wand of enslavement (7)
Scrolls
 g - 2 scrolls of fog
 h - a scroll of magic mapping {unknown}
 i - 3 scrolls of blinking
 k - 7 scrolls of teleportation
 l - a scroll of summoning {unknown}
 t - 2 scrolls of enchant weapon
 u - a scroll of remove curse
 x - a scroll of amnesia {unknown}
 y - a scroll of enchant armour
 D - a scroll of noise {unknown}
 E - 4 scrolls of identify
 F - a scroll of immolation {unknown}
Potions
 b - 6 potions of heal wounds
 d - a potion of brilliance {unknown}
 e - 3 potions of lignification
 f - 3 potions of curing
 j - a potion of agility
 n - 2 potions of magic {unknown}
 o - a potion of invisibility {unknown}
 z - a potion of haste {unknown}
 A - 4 potions of berserk rage {unknown}
 B - a potion of ambrosia {unknown}
 G - 2 potions of degeneration {unknown}
 H - a potion of might {unknown}
Miscellaneous
 r - a crystal ball of energy
Comestibles
 c - 19 rations


   Skills:
 + Level 8.8 Fighting
 + Level 6.0 Armour
 + Level 9.8 Dodging
 - Level 2.0 Stealth
 - Level 4.0 Shields
 - Level 4.0 Spellcasting
 + Level 7.9 Conjurations
 + Level 0.0 Translocations
 - Level 12.0 Air Magic
 + Level 3.3 Invocations


You had one spell level left.
You knew the following spells:

 Your Spells              Type           Power        Failure   Level  Hunger
a - Shock                 Conj/Air       ####         1%          1    None
b - Swiftness             Chrm/Air       #####...     1%          2    ##.....
c - Static Discharge      Conj/Air       ######..     1%          3    ###....
d - Airstrike             Air            ######....   1%          4    ####...
q - Blink                 Tloc           N/A          11%         2    ##.....
z - Lightning Bolt        Conj/Air       ######....   3%          5    ######.

Your spell library contained the following spells:

 Spells                   Type           Power        Failure   Level  Hunger
 Magic Dart               Conj           ####         1%          1    None
 Mephitic Cloud           Conj/Pois/Air  #####...     1%          3    ###....
 Conjure Flame            Conj/Fire      ###.....     4%          3    ###....
 Call Imp                 Summ           #.......     11%         2    ##.....
 Slow                     Hex            #.......     11%         2    ##.....


Dungeon Overview and Level Annotations

Branches:
Dungeon (11/15)            Temple (1/1) D:7            Lair (1/6) D:10
    Orc (0/2) D:10

Altars:
Ashenzari
Cheibriados
Dithmenos
Elyvilon
Fedhas
Gozag
Hepliaklqana
Kikubaaqudgha
Makhleb
Nemelex Xobeh
Okawaru
Qazlal
Ru
Sif Muna
Trog
Uskayaw
Vehumet
Wu Jian
Xom
Yredelemnul
Zin
The Shining One

Annotations:
Lair:1 Harold


Innate Abilities, Weirdness & Mutations

You have a beak for a mouth.
You have claws for feet.
You can fly continuously.


Message History

The harpoon shot misses you. You block the spiny frog's attack.
Harold points at you and mumbles some strange words.
The harpoon shot hits you!
You stop ascending the stairs.
You are yanked forward by the harpoon shot.
The spiny frog stings you!!
* * * LOW HITPOINT WARNING * * *
You are lethally poisoned!
The spiny frog poisons you!
* * * LOW HITPOINT WARNING * * *
You feel sick.
Harold points at you and mumbles some strange words.
The mark upon you grows brighter.
* * * LOW HITPOINT WARNING * * *
You feel sick. The spiny frog barely misses you.
There is a staircase back to the Dungeon, spattered with blood here.
You see here a throwing net {!f}.
* * * LOW HITPOINT WARNING * * *
You feel sick. The spiny frog stings you!
You die...

#..........
#..........
#..........
.?........
#.........
#....... #
#....# #.#...#
#..@F.######.#
#.#............
##.....@...P###
#....^.......#
#..............
#P.............
##........(....
#........).#.#
#.............


You could see Harold and a spiny frog.

Vanquished Creatures
  2 two-headed ogres (D:8 D:11)
  Erica (D:11)
  An unseen horror (D:11)
  Joseph (D:8)
  A troll (D:10)
  Prince Ribbit (D:5)
  2 hippogriffs (D:8 D:10)
  A spriggan (D:7)
  2 wyverns (D:8 D:9)
  14 yaks (D:10 D:11)
  Grum (D:11)
  Edmund (D:5)
  4 wargs (D:9 D:10)
  A water moccasin (D:11)
  2 orc warriors (D:9 D:11)
  An ice beast (D:10)
  2 sky beasts (D:7 D:10)
  3 black bears (D:5 D:10 D:11)
  2 phantoms (D:10 D:11)
  7 ogres (D:3 D:5 D:6 D:8 D:10)
  3 wolves (D:10)
  4 centaurs (D:5 D:6 D:10)
  A crocodile (D:10)
  2 big kobolds (D:9 D:11)
  4 bullfrogs (D:6 D:7 D:11)
  A gnoll sergeant (D:8)
  Blork the orc (D:6)
  A wyvern zombie (D:11)
  A water moccasin zombie (D:10)
  A scorpion (D:9)
  5 killer bees (D:11)
  4 wights (D:10)
  6 electric eels (D:10)
  4 howler monkeys (D:7 D:10 D:11)
  2 centaur zombies (D:4 D:8)
  4 crimson imps (D:5 D:6 D:8 D:10)
  2 bullfrog zombies (D:4 D:11)
  A bullfrog skeleton (D:5)
  3 jellies (D:5 D:6 D:9)
  3 centaur skeletons (D:4 D:10)
  6 orc priests (D:5 D:8 D:9 D:11)
  5 hounds (D:6 D:7 D:11)
  3 iguanas (D:4 D:6 D:8)
  9 worker ants (D:4 D:5 D:6 D:7 D:8)
  7 orc wizards (D:5 D:8 D:9 D:10 D:11)
  2 hound zombies (D:4 D:9)
  2 hound skeletons (D:8 D:10)
  A worker ant zombie (D:4)
  4 gnolls (D:8)
  14 adders (D:2 D:3 D:6 D:7 D:8)
  A shadow imp (D:7)
  2 adder zombies (D:4 D:8)
  5 worms (D:3 D:5)
  2 dart slugs (D:2 D:3)
  3 leopard geckos (D:3 D:7)
  32 orcs (D:3 D:5 D:6 D:7 D:8)
  4 giant cockroaches (D:2 D:5 D:7)
  9 hobgoblins (D:1 D:2 D:3)
  13 jackals (D:2 D:3 D:8)
  14 kobolds (D:1 D:2 D:3 D:9 D:11)
  5 quokkas (D:2 D:3 D:4 D:5)
  2 ball pythons (D:1)
  A bat (D:2)
  2 frilled lizards (D:1 D:2)
  9 goblins (D:1 D:2 D:3)
  A quokka skeleton (D:4)
  A quokka zombie (D:4)
  13 rats (D:1 D:2 D:3)
  A plant (D:10)
276 creatures vanquished.

Notes
Turn   | Place    | Note
-------+----------+-------------------------------------------
     0 | D:1      | MachJacob the Tengu Air Elementalist began the quest for
                  | the Orb.
     0 | D:1      | Reached XP level 1. HP: 10/10 MP: 4/4
   227 | D:1      | Reached XP level 2. HP: 11/15 MP: 3/6
   567 | D:1      | Learned a level 2 spell: Swiftness
  1255 | D:2      | Reached XP level 3. HP: 19/19 MP: 1/7
  1280 | D:2      | Learned a level 3 spell: Static Discharge
  1591 | D:2      | Reached skill level 5 in Air Magic
  1643 | D:2      | Reached XP level 4. HP: 20/24 MP: 0/8
  2138 | D:2      | Found a sacrificial altar of Ru.
  2319 | D:2      | Found a glowing golden altar of the Shining One.
  2323 | D:2      | Became a worshipper of the Shining One
  2744 | D:3      | Noticed a moth of wrath
  2746 | D:3      | Found a bloodstained altar of Trog.
  2812 | D:3      | Gained mutation: You can fly continuously. [Tengu growth]
  2812 | D:3      | Reached XP level 5. HP: 25/28 MP: 0/10
  3242 | D:3      | Found a faded altar of an unknown god.
  3248 | D:3      | Noticed an ogre
  3277 | D:3      | Killed an ogre
  3277 | D:3      | Reached skill level 5 in Conjurations
  3277 | D:3      | Reached XP level 6. HP: 32/32 MP: 0/12
  3944 | D:4      | Reached skill level 1 in Fighting
  3944 | D:4      | Reached skill level 1 in Armour
  4007 | D:4      | Reached * piety under the Shining One
  4247 | D:4      | Found a stormy altar of Qazlal.
  4609 | D:5      | Entered Level 5 of the Dungeon
  4623 | D:5      | Got a heavy robe
  4646 | D:5      | Identified the cursed +1 robe of Negrim Geso {Regen+} (You
                  | found it on level 5 of the Dungeon)
  4666 | D:5      | Reached XP level 7. HP: 36/38 MP: 3/13
  4925 | D:5      | Found a glowing drain.
  4925 | D:5      | Noticed Prince Ribbit
  4938 | D:5      | Killed Prince Ribbit
  5143 | D:5      | Reached XP level 8. HP: 46/46 MP: 10/15
  5179 | D:5      | Learned a level 4 spell: Airstrike
  5185 | D:5      | Learned a level 5 spell: Lightning Bolt
  5213 | D:5      | Noticed Edmund
  5227 | D:5      | Killed Edmund
  5549 | D:5      | Reached skill level 6 in Air Magic
  5763 | D:5      | Reached skill level 5 in Dodging
  6139 | D:6      | Reached skill level 7 in Air Magic
  6320 | D:6      | Noticed Blork the orc
  6332 | D:6      | Killed Blork the orc
  6499 | D:6      | Reached XP level 9. HP: 36/52 MP: 10/16
  6742 | D:6      | Reached skill level 8 in Air Magic
  6829 | D:6      | Found a bloodstained altar of Trog.
  7729 | D:7      | Found an iron altar of Okawaru.
  7730 | D:7      | Found a glowing silver altar of Zin.
  7736 | D:7      | Found a deep blue altar of Sif Muna.
  7745 | D:7      | Reached skill level 5 in Fighting
  7745 | D:7      | Reached skill level 1 in Shields
  7995 | D:7      | Found a staircase to the Ecumenical Temple.
  8045 | Temple   | Entered the Ecumenical Temple
  8072 | D:6      | Found a white marble altar of Elyvilon.
  8164 | D:8      | Reached skill level 9 in Air Magic
  8300 | D:8      | Noticed Joseph
  8301 | D:8      | Noticed a two-headed ogre
  8851 | D:8      | Reached ** piety under the Shining One
  9108 | D:8      | Found a hazy altar of Hepliaklqana.
  9229 | D:8      | Killed a two-headed ogre
  9229 | D:8      | Reached skill level 10 in Air Magic
  9229 | D:8      | Reached XP level 10. HP: 60/60 MP: 1/17
  9500 | D:8      | Killed Joseph
  9619 | D:9      | Reached skill level 11 in Air Magic
  9763 | D:9      | Learned a level 2 spell: Blink
 10518 | D:10     | Entered Level 10 of the Dungeon
 11168 | D:10     | Reached skill level 12 in Air Magic
 11479 | D:10     | Found a staircase to the Orcish Mines.
 11992 | D:10     | Found a staircase to the Lair.
 12217 | D:10     | Reached *** piety under the Shining One
 12288 | D:10     | Reached XP level 11. HP: 68/68 MP: 3/18
 12636 | D:11     | Noticed an unseen horror
 12962 | D:11     | Reached skill level 1 in Invocations
 12965 | D:11     | Killed an unseen horror
 12970 | D:11     | Noticed Grum
 13518 | D:11     | Reached skill level 5 in Armour
 13923 | D:11     | Killed Grum
 14450 | D:11     | Reached **** piety under the Shining One
 14469 | D:11     | Noticed a two-headed ogre
 14551 | D:11     | Killed a two-headed ogre
 14661 | D:11     | Noticed Erica
 14860 | D:11     | Killed Erica
 15319 | Lair:1   | Entered Level 1 of the Lair of Beasts
 15319 | Lair:1   | Noticed Harold
 15330 | Lair:1   | Slain by a spiny frog

Levels and vault maps discovered:
D:1:      doesnt_arrival_eight_statues, layout_basic
D:2:      layout_loops_corners, marbit_many_paths, nicolae_ru_path_of_blood
D:3:      layout_rooms, chequers_ecumenical_altar_island, nrook_campfire,
          tgw_trog
D:4:      layout_gridville, serial_undead, serial_undead_f, serial_undead_f,
          serial_undead_f, serial_undead_b, grunt_qazlal_clouds
D:5:      layout_loops_ring, cheibrodos_sewer_entry_bend, first_ration,
          uniq_prince_ribbit1, uniq_edmund
D:6:      layout_cave_pods, nicolae_overflow_hidden_temple, uniq_blork_the_orc
D:7:      layout_gridville, grunt_temple_overflow_open,
          minmay_temple_entry_fiery, the_bakery, nicolae_lava_and_water
D:8:      layout_loops_ring, lemuel_doored_altar, uniq_joseph
D:9:      layout_loops_ring
D:10:     layout_basic, dpeg_oklobed_lair, minmay_orc_entry_guard_dogs
D:11:     layout_rooms, uniq_grum, uniq_erica
Temple:   nicolae_temple_no_exploring_needed
Lair:1:   layout_cave_pods, st_stairs_5, minivault_11,
          hangedman_lair_generics_rect, serial_bayou_shore_a, uniq_harold

Skill      XL: |  1  2  3  4  5  6  7  8  9 10 11 |
---------------+----------------------------------+-----
Conjurations   | 2 3 4 5 6 7 |  7.9
Air Magic      | 5 7 10 12 | 12.0
Spellcasting   | 3 4 |  4.0
Fighting       | 1 3 4 6 7 8 |  8.8
Armour         | 1 3 4 6 |  6.0
Dodging        | 3 4 5 7 8 9 |  9.8
Shields        | 3 4 |  4.0
Invocations    | 3 |  3.3
Stealth        | |  2.0

Action                   |  1- 3 |  4- 6 |  7- 9 | 10-12 || total
-------------------------+-------+-------+-------+-------++-------
Melee: Dagger            |     5 |    13 |    10 |    15 ||    43
       Kick              |     1 |     1 |     3 |    11 ||    16
       Peck              |       |     1 |     4 |    10 ||    15
       Staff             |       |       |       |    24 ||    24
 Cast: Shock             |    52 |   149 |   250 |   338 ||   789
       Static Discharge  |     2 |       |     4 |    25 ||    31
       Airstrike         |       |       |     7 |    25 ||    32
       Lightning Bolt    |       |       |       |    18 ||    18
       Blink             |       |       |       |     3 ||     3
 Abil: Fly               |       |     1 |       |       ||     1
  Use: Scroll            |     1 |    14 |     1 |       ||    16
  Eat: Chunk             |     3 |     8 |    12 |    26 ||    49
       Ration            |       |     1 |       |     2 ||     3
Armor: Robe              |       |     4 |     5 |       ||     9
       Leather armour    |       |       |    12 |    19 ||    31
Dodge: Dodged            |     3 |    37 |    64 |   152 ||   256
Block: Buckler           |       |       |       |    40 ||    40

Table legend:
 A = Non-vault XP
 B = Vault XP
 C = Vault XP percentage of total XP
 D = Non-vault monster count
 E = Vault monster count
 F = Vault count percentage of total count
                 A         B        C        D         E       F
            +---------+---------+-------+---------+---------+-------
      Total |   13603 |    3491 |  20.4 |     246 |      29 |  10.5
            +---------+---------+-------+---------+---------+-------
        D:1 |      29 |       0 |   0.0 |      18 |       0 |   0.0
        D:2 |     105 |      13 |  11.0 |      29 |       1 |   3.3
        D:3 |     183 |      13 |   6.6 |      19 |       5 |  20.8
        D:4 |      76 |     179 |  70.2 |       4 |       7 |  63.6
        D:5 |     697 |     453 |  39.4 |      19 |       4 |  17.4
        D:6 |     649 |      85 |  11.6 |      13 |       1 |   7.1
        D:7 |     410 |     220 |  34.9 |      11 |       1 |   8.3
        D:8 |    2069 |     423 |  17.0 |      33 |       1 |   2.9
        D:9 |     793 |     313 |  28.3 |      12 |       2 |  14.3
       D:10 |    4167 |     703 |  14.4 |      47 |       5 |   9.6
       D:11 |    4425 |    1089 |  19.7 |      41 |       2 |   4.7
            +---------+---------+-------+---------+---------+-------
